 Dungeon Sprint DCSS version 0.19-a0-1490-g5dd3618 (webtiles) character file.

16635 poirepourri the Ninja (level 12, -2/51 HPs)
             Began as a Spriggan Enchanter on Sept 8, 2016.
             Was the Champion of Dithmenos.
             Killed by divine providence
             ... invoked by a daeva
              (15 damage)
             ... in the Dungeon (Sprint I: "Red Sonja").
             The game lasted 00:10:07 (2304 turns).

poirepourri the Ninja (Spriggan Enchanter)          Turns: 2304, Time: 00:10:07

Health: -2/51      AC:  9    Str:  4    XL:     12   Next: 11%
Magic:  41/41      EV: 32    Int: 18    God:    Dithmenos [******]
Gold:   628        SH:  0    Dex: 24    Spells: 5 memorised, 29 levels left

rFire  . . .     SeeInvis +     l - +2 rapier (protect)
rCold  . . .     Gourm    .     k - +2 robe {Archmagi}
rNeg   + . .     Faith    .     (shield restricted)
rPois  .         Spirit   .     (helmet restricted)
rElec  +         Dismiss  .     (no cloak)
rCorr  .         Reflect  .     (gloves unavailable)
MR     ++...     Harm     .     (boots unavailable)
Stlth  ++++++++++ NoTele   +    g - amulet "Emamor" {RegenMP rElec rN+}
                                i - ring of magical power
                                m - +4 ring of dexterity

@: very quick
A: unfitting armour, see invisible, herbivore 3, speed 3, slow metabolism 2
a: Shadow Step, Shadow Form, Renounce Religion


You were in the Dungeon.
You worshipped Dithmenos.
Dithmenos was exalted by your worship.
You were full.

You visited 1 branch You collected 1915 gold pieces.
You spent 1287 gold pieces at shops.

Inventory:

Hand Weapons
 a - a +1 dagger
 l - a +2 rapier of protection (weapon)
 o - a +0 blowgun
Missiles
 p - 7 curare-tipped needles
Armour
 b - a +1 robe
 k - a +2 robe of the Archmagi (worn)
 q - a +0 buckler
Jewellery
 g - the amulet "Emamor" (around neck) {RegenMP rElec rN+}
   (You bought it in a shop in the Dungeon)

   [amulet of magic regeneration]

   It increases your magic regeneration.
   It insulates you from electricity.
   It protects you from negative energy.
 i - a ring of magical power (right hand)
 m - a +4 ring of dexterity (left hand)
Scrolls
 j - a scroll of blinking
 n - a scroll of recharging
Potions
 e - a potion of curing
 h - a potion of magic
 r - a potion of beneficial mutation {unknown}
Books
 c - a book of Maledictions

   Spells                             Type                      Level
   a - Corona                         Hexes                        1
   b - Ensorcelled Hibernation        Hexes/Ice                    2
   c - Confuse                        Hexes                        3
   d - Tukima's Dance                 Hexes                        3
   e - Dazzling Spray                 Conjuration/Hexes            3
Comestibles
 d - a bread ration
 f - 4 slices of pizza


   Skills:
 + Level 9.4 Short Blades
 + Level 12.8 Dodging
 O Level 27 Stealth
 + Level 15.3 Spellcasting
 + Level 3.3 Conjurations
 + Level 17.3 Hexes
 - Level 1.4 Ice Magic


You had 29 spell levels left.
You knew the following spells:

 Your Spells              Type           Power        Failure   Level  Hunger
a - Corona                Hex            #######      0%          1    None
b - Ensorcelled Hibernat  Hex/Ice        ######       1%          2    None
c - Confuse               Hex            #######.     0%          3    None
d - Tukima's Dance        Hex            #######.     0%          3    None
e - Dazzling Spray        Conj/Hex       ######       1%          3    None


Dungeon Overview and Level Annotations

Branches:
Dungeon (1/1)

Altars:
Cheibriados
Dithmenos
Elyvilon
Fedhas
Gozag
Hepliaklqana
Kikubaaqudgha
Makhleb
Nemelex Xobeh
Okawaru
Qazlal
Ru
Sif Muna
Trog
Uskayaw
Vehumet
Xom
Yredelemnul
Zin
The Shining One
Jiyva
Lugonu

Shops:
D %[([}}%=*%(?*[}([(=[}


Innate Abilities, Weirdness & Mutations

You are tiny and cannot use many weapons and most armour.
You have supernaturally acute eyesight. (SInv)
You are a herbivore.
You cover ground extremely quickly.
You need consume almost no food.


Message History

You see here 27 gold pieces.
You now have 574 gold pieces (gained 27).
The daeva calls down the wrath of the Shining One upon you.
The Shining One smites you!
You see here 27 gold pieces.
You now have 601 gold pieces (gained 27).
You see here 27 gold pieces.
You now have 628 gold pieces (gained 27).
The daeva calls down the wrath of the Shining One upon you.
The Shining One smites you!
Okay, then.
The daeva calls down the wrath of the Shining One upon you.
The Shining One smites you!
* * * LOW HITPOINT WARNING * * *
You emit a cloud of dark smoke.
You see here a ruby potion.
r - a ruby potion The daeva calls down the wrath of the Shining One upon you.
The Shining One smites you!
You die...

###########################
)#..#§.§÷'§§§§§§§§.#§^'.$§§#
.##'#§####§§§§÷##§.'^§#$$§§#
.§†.#§# ##÷§§#######+#§§§§§
##†§§.# ###'#§@§## .#§$§§§#
##'#### #§##§..# .##§§§§#
#..^..# #§.###.# .≈ +#
#^..^§+ ##.#A#.# .≈ ###...#
#..###.#


m≈e '.#§.§# #.##...# .≈# #§#§§## #..#'### #§#§.# ##...# #.##+# ###.# You could
see a daeva.

Vanquished Creatures
  A hydra (D)
  2 centaur warriors (D)
  Sonja (D)
  7 unseen horrors (D)
  A deep troll (D)
  A lindwurm (D)
  8 shining eyes (D)
  An oklob plant (D)
  A gargoyle (D)
  2 kobold demonologists (D)
  4 demonic crawlers (D)
  A slime creature (D)
  Sigmund (D)
  2 redbacks (D)
  13 hogs (D)
  A yak (D)
  7 giant eyeballs (D)
  A wasp (D)
  7 necrophages (D)
  An ogre (D)
  8 jellies (D)
  Ijyb (D)
  2 ballistomycetes (D)
  2 giant spores (D)
76 creatures vanquished.

Vanquished Creatures (others)
  2 wasps (D)
2 creatures vanquished.

Grand Total: 78 creatures vanquished

Notes
Turn   | Place    | Note
-------+----------+-------------------------------------------
     0 | D        | poirepourri the Spriggan Enchanter began the quest for the Orb.
     0 | D        | Reached XP level 1. HP: 9/9 MP: 5/5
     3 | D        | Noticed Ijyb
    16 | D        | Killed Ijyb
    16 | D        | Reached skill level 6 in Stealth
    16 | D        | Reached skill level 5 in Hexes
    16 | D        | Reached XP level 2. HP: 13/13 MP: 5/7
    35 | D        | Learned a level 2 spell: Ensorcelled Hibernation
    99 | D        | Noticed an ogre
   104 | D        | Killed an ogre
   104 | D        | Reached skill level 5 in Dodging
   104 | D        | Reached skill level 8 in Stealth
   104 | D        | Reached XP level 3. HP: 16/16 MP: 6/10
   104 | D        | Reached XP level 4. HP: 21/21 MP: 6/11
   107 | D        | Noticed Sigmund
   117 | D        | Killed Sigmund
   117 | D        | Reached skill level 11 in Stealth
   117 | D        | Reached skill level 10 in Hexes
   117 | D        | Reached skill level 1 in Ice Magic
   117 | D        | Reached XP level 5. HP: 20/24 MP: 9/14
   117 | D        | Reached XP level 6. HP: 23/28 MP: 10/16
   174 | D        | Found a deep blue altar of Sif Muna.
   176 | D        | Found a radiant altar of Vehumet.
   185 | D        | Learned a level 3 spell: Confuse
   189 | D        | Learned a level 3 spell: Tukima's Dance
   193 | D        | Learned a level 3 spell: Dazzling Spray
   232 | D        | Found Otozeink's Antique Armour Emporium.
   232 | D        | Found an ancient bone altar of Kikubaaqudgha.
   232 | D        | Found a hazy altar of Hepliaklqana.
   232 | D        | Found a stormy altar of Qazlal.
   232 | D        | Found a hide-covered altar of Uskayaw.
   232 | D        | Found a blossoming altar of Fedhas.
   232 | D        | Found a bloodstained altar of Trog.
   232 | D        | Found an iron altar of Okawaru.
   232 | D        | Found a basalt altar of Yredelemnul.
   232 | D        | Found a glowing golden altar of the Shining One.
   232 | D        | Found a snail-covered altar of Cheibriados.
   232 | D        | Found a sacrificial altar of Ru.
   232 | D        | Found a glowing silver altar of Zin.
   232 | D        | Found a shadowy altar of Dithmenos.
   232 | D        | Found a white marble altar of Elyvilon.
   232 | D        | Noticed a yak
   233 | D        | Found an opulent altar of Gozag.
   234 | D        | Killed a yak
   234 | D        | Reached skill level 13 in Stealth
   235 | D        | Found a sparkling altar of Nemelex Xobeh.
   239 | D        | Bought an embroidered robe for 16 gold pieces
   243 | D        | Became a worshipper of Dithmenos the Shadowed
   271 | D        | Found a burning altar of Makhleb.
   271 | D        | Found a viscous altar of Jiyva.
   271 | D        | Found a shimmering altar of Xom.
   271 | D        | Found a corrupted altar of Lugonu.
   271 | D        | Noticed a slime creature
   289 | D        | Killed a slime creature
   289 | D        | Reached skill level 14 in Stealth
   289 | D        | Reached XP level 7. HP: 32/32 MP: 12/19
   362 | D        | Noticed a centaur warrior
   363 | D        | Noticed a centaur warrior
   366 | D        | Killed a centaur warrior
   366 | D        | Reached skill level 16 in Stealth
   366 | D        | Reached XP level 8. HP: 36/36 MP: 19/22
   367 | D        | Killed a centaur warrior
   367 | D        | Reached * piety under Dithmenos
   367 | D        | Reached skill level 17 in Stealth
   367 | D        | Reached skill level 10 in Spellcasting
   379 | D        | Reached XP level 9. HP: 39/39 MP: 20/24
   421 | D        | Noticed an oklob plant
   423 | D        | Killed an oklob plant
   423 | D        | Reached skill level 18 in Stealth
   432 | D        | Reached ** piety under Dithmenos
   435 | D        | Reached skill level 19 in Stealth
   456 | D        | Noticed an unseen horror
   457 | D        | Noticed an unseen horror
   463 | D        | Killed an unseen horror
   463 | D        | Reached skill level 15 in Hexes
   465 | D        | Killed an unseen horror
   465 | D        | Reached *** piety under Dithmenos
   465 | D        | Reached skill level 10 in Dodging
   465 | D        | Reached skill level 20 in Stealth
   501 | D        | Reached **** piety under Dithmenos
   505 | D        | Reached XP level 10. HP: 36/44 MP: 20/26
   535 | D        | Reached ***** piety under Dithmenos
   541 | D        | Reached skill level 21 in Stealth
   577 | D        | Found Kimmipo's Jewellery Shoppe.
   577 | D        | Found Bupn's Food Shop.
   577 | D        | Found Xigeori's General Store.
   579 | D        | Found Nishrieki's Food Emporium.
   579 | D        | Found Fyshuock's Antique Weapon Shop.
   579 | D        | Found Efoamom's Magic Scroll Shoppe.
   579 | D        | Found Deumep's General Store.
   579 | D        | Found Miaff's Antique Armour Emporium.
   579 | D        | Found Hiphass's Gadget Shop.
   579 | D        | Found Ehez Hee's Antique Weapon Shoppe.
   583 | D        | Found Tilamoca's Antique Armour Boutique.
   584 | D        | Found Tokaf's Jewellery Emporium.
   584 | D        | Found Suha's Antique Weapon Boutique.
   585 | D        | Found Voido's Gadget Emporium.
   596 | D        | Bought the amulet "Emamor" {RegenMP rElec rN+} for 530 gold pieces
   596 | D        | Bought a +4 ring of dexterity for 297 gold pieces
   646 | D        | Noticed a deep troll
   648 | D        | Killed a deep troll
   648 | D        | Reached skill level 22 in Stealth
   654 | D        | Found Zaewosul's Armour Emporium.
   668 | D        | Noticed Sonja
   671 | D        | Killed Sonja
   671 | D        | Reached skill level 5 in Short Blades
   918 | D        | Found Dimupob's Food Boutique.
   926 | D        | Bought a slice of pizza for 18 gold pieces
   926 | D        | Bought a slice of pizza for 18 gold pieces
   926 | D        | Bought a slice of pizza for 18 gold pieces
   926 | D        | Bought a slice of pizza for 18 gold pieces
   931 | D        | Noticed a shining eye
   931 | D        | Noticed a shining eye
   931 | D        | Noticed a shining eye
   931 | D        | Noticed a shining eye
   931 | D        | Noticed a shining eye
   931 | D        | Noticed a shining eye
   933 | D        | Noticed a shining eye
   933 | D        | Noticed a shining eye
   940 | D        | Gained mutation: You are resistant to hostile enchantments. (MR+) [a shining eye]
   941 | D        | Gained mutation: You tend to lose your temper in combat. [a shining eye]
   941 | D        | Gained mutation: Your spells are a little easier to cast, but a little less powerful. [a shining eye]
   953 | D        | Killed a shining eye
   953 | D        | Reached skill level 23 in Stealth
   954 | D        | Gained mutation: You are somewhat resistant to further mutation. [a shining eye]
   956 | D        | Killed a shining eye
   956 | D        | Reached ****** piety under Dithmenos
   964 | D        | Killed a shining eye
   966 | D        | Killed a shining eye
   966 | D        | Reached skill level 24 in Stealth
  1040 | D        | Gained mutation: You occasionally shout uncontrollably at your foes. [a shining eye]
  1041 | D        | Paralysed by a giant eyeball for 3 turns
  1043 | D        | Gained mutation: Armour fits poorly on your strangely shaped body. [a shining eye]
  1046 | D        | Killed a shining eye
  1046 | D        | Reached XP level 11. HP: 47/47 MP: 29/29
  1052 | D        | Paralysed by a giant eyeball for 4 turns
  1068 | D        | Gained mutation: You are frail. (-10% HP) [a shining eye]
  1078 | D        | Killed a shining eye
  1078 | D        | Reached skill level 1 in Conjurations
  1190 | D        | Killed a shining eye
  1198 | D        | Killed a shining eye
  1198 | D        | Reached skill level 25 in Stealth
  1201 | D        | Found Ygrunt's Armour Shoppe.
  1201 | D        | Found Pisud's Gadget Shop.
  1201 | D        | Found Piemo's Weapon Emporium.
  1201 | D        | Found Sijoytyunal's Gadget Boutique.
  1223 | D        | Lost mutation: You are frail. (-10% HP) [potion of cure mutation]
  1223 | D        | Lost mutation: You are resistant to hostile enchantments. (MR+) [potion of cure mutation]
  1223 | D        | Lost mutation: Armour fits poorly on your strangely shaped body. [potion of cure mutation]
  1223 | D        | Lost mutation: You tend to lose your temper in combat. [potion of cure mutation]
  1226 | D        | Lost mutation: You are somewhat resistant to further mutation. [potion of cure mutation]
  1226 | D        | Lost mutation: Your spells are a little easier to cast, but a little less powerful. [potion of cure mutation]
  1226 | D        | Lost mutation: You occasionally shout uncontrollably at your foes. [potion of cure mutation]
  1409 | D        | Bought a scroll of identify for 22 gold pieces
  1421 | D        | Bought an uncursed ring of magical power for 220 gold pieces
  1592 | D        | Reached skill level 26 in Stealth
  1809 | D        | Bought a buckler for 130 gold pieces
  1863 | D        | Noticed a lindwurm
  1866 | D        | Killed a lindwurm
  1890 | D        | Reached skill level 27 in Stealth
  1992 | D        | Noticed a 12-headed hydra
  1994 | D        | Killed a 12-headed hydra
  2008 | D        | Noticed a deep elf annihilator
  2263 | D        | Noticed a daeva
  2267 | D        | Noticed an unseen horror
  2267 | D        | Noticed an unseen horror
  2267 | D        | Noticed an unseen horror
  2267 | D        | Noticed an unseen horror
  2270 | D        | Killed an unseen horror
  2271 | D        | Noticed an unseen horror
  2272 | D        | Killed an unseen horror
  2272 | D        | Reached skill level 15 in Spellcasting
  2273 | D        | Killed an unseen horror
  2273 | D        | Reached XP level 12. HP: 51/51 MP: 32/32
  2304 | D        | Killed from afar by a daeva

Vault maps used:
D:        dungeon_sprint_1

Skill      XL: |  1  2  3  4  5  6  7  8  9 10 11 12 |
---------------+-------------------------------------+-----
Dodging        | 4 5 6 7 8 9 10 12 | 12.8
Stealth        | 6 8 11 14 16 17 20 24 27 | 27.0
Spellcasting   | 3 4 6 8 9 10 11 13 15 | 15.3
Hexes          | 5 8 10 11 13 14 15 16 17 | 17.3
Ice Magic      | 1 |  1.4
Short Blades   | 2 3 4 5 8 9 |  9.4
Conjurations   | 3 |  3.3

Action                   |  1- 3 |  4- 6 |  7- 9 | 10-12 || total
-------------------------+-------+-------+-------+-------++-------
Melee: Dagger            |    11 |     9 |    17 |    81 ||   118
       Rapier            |       |       |       |    27 ||    27
 Cast: Ensorcelled Hiber |     1 |     4 |     4 |     1 ||    10
       Confuse           |       |     2 |       |     8 ||    10
       Dazzling Spray    |       |       |       |    20 ||    20
  Use: Potion            |     1 |     1 |     1 |     6 ||     9
       Scroll            |       |       |     1 |     3 ||     4
 Stab: Sleeping          |     2 |     3 |    15 |    42 ||    62
       Confused          |       |     2 |       |     3 ||     5
       Invisible         |       |       |       |     4 ||     4
  Eat: Bread ration      |       |       |       |     1 ||     1
Armor: Robe              |     1 |       |     1 |     4 ||     6
Dodge: Dodged            |     4 |     4 |     3 |    22 ||    33
